 Dungeon Crawl Stone Soup version 0.23.2 (webtiles) character file.

Game seed: 9675661046691340880

26433 dhn the Cleaver (level 12, -4/105 HPs)
             Began as a Minotaur Fighter on Apr 6, 2019.
             Slain by a wolf spider simulacrum (10 damage)
             ... in an ice cave.
             The game lasted 00:32:46 (17176 turns).

dhn the Cleaver (Minotaur Fighter)                 Turns: 17176, Time: 00:32:47

Health: -4/105     AC: 24    Str: 21    XL:     12   Next: 98%
Magic:  19/19      EV:  7    Int:  8    God:
Gold:   638        SH: 12    Dex: 12    Spells: 19/22 levels left

rFire    + . .     SeeInvis .   s - +2 war axe (elec)
rCold    + . .     Gourm    .   c - +0 shield
rNeg     + . .     Faith    .   z - +0 plate armour
rPois    .         Spirit   .   (helmet restricted)
rElec    .         Reflect  .   F - +0 cloak
rCorr    .         Harm     .   E - +5 pair of gloves "Ziurog" {rF+}
MR       .....                  M - +0 pair of boots
Stlth    ..........             y - amulet of rage
HPRegen  0.27/turn              w - ring of positive energy
MPRegen  0.16/turn              L - ring of protection from cold

@: studying Throwing
A: retaliatory headbutt, horns 2
a: Evoke Berserk Rage


You were in an ice cave.
You were not hungry.

You visited 2 branches of the dungeon, and saw 14 of its levels.
You also visited: Ice Cave.

You collected 638 gold pieces.

Inventory:

Hand Weapons
 a - a +0 war axe
 s - a +2 war axe of electrocution (weapon)
 I - a +0 trident
Armour
 b - a +0 scale mail
 c - a +0 shield (worn)
 t - a +1 pair of gloves
 z - a +0 plate armour (worn)
 E - the +5 pair of gloves "Ziurog" (worn) {rF+}
   (You found it on level 7 of the Dungeon)

   It protects you from fire.
 F - a +0 cloak (worn)
 M - a +0 pair of boots (worn)
Jewellery
 e - an uncursed ring of fire
 w - a ring of positive energy (left hand)
 y - an amulet of rage (around neck)
 H - a cursed amulet of inaccuracy
 L - a ring of protection from cold (right hand)
 T - an uncursed ring of stealth {unknown}
Wands
 C - a wand of polymorph (7)
 J - a wand of random effects (8)
 Q - a wand of flame (24)
Scrolls
 k - 2 scrolls of enchant armour
 l - a scroll of magic mapping {unknown}
 m - 2 scrolls of enchant weapon
 o - 6 scrolls of remove curse
 p - a scroll of blinking {unknown}
 q - a scroll of fear
 u - 2 scrolls of teleportation
 x - 3 scrolls of amnesia
 D - a scroll of random uselessness {unknown}
 G - a scroll of brand weapon {unknown}
 K - a scroll of summoning {unknown}
 U - a scroll of immolation {unknown}
Potions
 d - 5 potions of might
 g - 4 potions of degeneration
 h - 2 potions of haste
 i - 2 potions of lignification {unknown}
 j - 4 potions of flight
 r - a potion of agility {unknown}
 v - 3 potions of magic
 A - a potion of resistance
 O - a potion of ambrosia {unknown}
 P - 2 potions of curing
 S - a potion of brilliance {unknown}
Books
 B - a manual of Throwing
Miscellaneous
 V - a lightning rod (inert)
Comestibles
 f - 19 rations
 N - a chunk of flesh


   Skills:
 + Level 9.5 Fighting
 + Level 14.2(14.3) Axes
 + Level 2.9(9.9) Polearms
 + Level 10.4 Armour
 + Level 2.8 Dodging
 + Level 1.0 Stealth
 + Level 10.2 Shields
 * Level 5.7 Spellcasting
 * Level 6.2 Translocations
 + Level 1.8 Evocations


You had 19 spell levels left.
You knew the following spells:

 Your Spells              Type           Power        Failure   Level  Hunger
a - Gell's Gravitas       Tloc           ##........   83%         3    ###....

Your spell library contained the following spells:

 Spells                   Type           Power        Failure   Level  Hunger
 Confusing Touch          Hex            #.....       100%        1    #......
 Corpse Rot               Necr           N/A          100%        2    ##.....
 Sublimation of Blood     Necr           #.........   100%        2    ##.....
 Confuse                  Hex            #.......     100%        3    ###....
 Petrify                  Tmut/Erth      #.......     100%        4    #####..
 Agony                    Necr           #.......     100%        5    ######.
 Bolt of Draining         Conj/Necr      #.........   100%        5    ######.
 Dispel Undead            Necr           #.......     100%        5    ######.
 Excruciating Wounds      Chrm/Necr      #.........   100%        5    ######.
 Metabolic Englaciation   Hex/Ice        #.........   100%        5    ######.
 Yara's Violent Unravell  Hex/Tmut       #.........   100%        5    ######.


Dungeon Overview and Level Annotations

Branches:
Dungeon (9/15)             Temple (0/1) D:7            Lair (5/6) D:9
 Shoals (0/4) Lair:3       Spider (0/4) Lair:4
  Slime: Lair:5-6       Orc: D:9-12

Altars:
Ashenzari
Cheibriados
Fedhas
Hepliaklqana
Qazlal
Ru
Trog
Uskayaw
Zin
The Shining One

Annotations:
Lair:4 exclusion: 2 oklob plants
Lair:5 Rupert


Innate Abilities, Weirdness & Mutations

You reflexively headbutt those who attack you in melee.
You have a pair of horns on your head.


Message History

Put on which piece of jewellery? (? for menu, Esc to quit)
Okay, then.
Evoke which item? (* to show all) (? for menu, Esc to quit)
Aiming: Throw Flame
Press: ? - help, Shift-Dir - straight line, f - wolf spider simulacrum, p - elephant simulacrum
Aim: a wolf spider simulacrum The puff of flame misses the wolf spider simulacrum.
The puff of flame hits the elephant simulacrum!
The elephant simulacrum melts!
The elephant simulacrum is moderately damaged.
Your shield and plate armour prevent you from hitting the wolf spider simulacrum.
The wolf spider simulacrum hits you! The wolf spider simulacrum freezes you!
You resist. The wolf spider simulacrum bites you.
* * * LOW HITPOINT WARNING * * *
The wolf spider simulacrum freezes you! You resist.
* * * LOW HITPOINT WARNING * * *
The wolf spider simulacrum hits you!
* * * LOW HITPOINT WARNING * * *
The wolf spider simulacrum freezes you! You resist.
You die...

#### ##
##..##
##..##....##
#.....Z....#
.......ZZ@.#
..##.......#
###....##
##..## ####


You could see an elephant simulacrum, a swamp dragon simulacrum and a wolf
spider simulacrum.

Vanquished Creatures
  6 hydras
  2 two-headed ogres (D:8)
  Nergalle (Lair:3)
  2 black mambas
  A torpor snail (Lair:1)
  8 spiny frogs
  6 komodo dragons
  Prince Ribbit (D:6)
  9 blink frogs
  5 hippogriffs
  A wyvern (D:8)
  36 yaks
  3 hungry ghosts
  A basilisk (Lair:2)
  Menkaure (D:5)
  6 water moccasins
  Edmund (D:5)
  11 porcupines
  Duvessa (D:6)
  An orc warrior (D:5)
  A necrophage (D:8)
  The ghost of lysyklops the Covered, an amateur MiFi of Qazlal (D:3)
  2 ice beasts
  6 phantoms
  2 black bears
  5 ogres
  2 centaurs
  9 crocodiles
  2 big kobolds (D:8)
  14 bullfrogs
  Dowan (D:6)
  2 scorpions
  An electric eel (Lair:4)
  7 howler monkeys
  2 crimson imps
  A bullfrog zombie (D:9)
  2 hounds
  12 orc wizards
  A centaur skeleton (D:6)
  3 orc priests
  Crazy Yiuf (D:7)
  Ijyb (D:3)
  4 iguanas (Lair:3)
  10 worker ants
  A wolf simulacrum (IceCv)
  A hound zombie (D:6)
  A hound skeleton (D:4)
  A mummy (D:5)
  A howler monkey zombie (D:6)
  10 adders
  4 gnolls (D:9)
  4 shadow imps
  An ooze (D:1)
  5 worms
  2 dart slugs
  6 leopard geckos
  32 orcs
  A ball python (D:1)
  2 giant cockroaches
  5 goblins
  4 hobgoblins
  7 jackals
  2 quokkas
  6 bats
  4 frilled lizards
  A hobgoblin zombie (D:5)
  19 kobolds
  A kobold zombie (D:5)
  A leopard gecko zombie (D:5)
  2 orc zombies (D:5)
  2 quokka skeletons
  5 rats
  3 fungi (D:9)
329 creatures vanquished.

Vanquished Creatures (others)
  19 fungi
  6 plants
25 creatures vanquished.

Grand Total: 354 creatures vanquished

Notes
Turn   | Place    | Note
-------+----------+-------------------------------------------
     0 | D:1      | dhn the Minotaur Fighter began the quest for the Orb.
     0 | D:1      | Reached XP level 1. HP: 19/19 MP: 0/0
   370 | D:1      | Reached XP level 2. HP: 27/27 MP: 1/1
  1086 | D:2      | Reached skill level 3 in Axes
  1086 | D:2      | Reached XP level 3. HP: 33/33 MP: 2/2
  1548 | D:3      | Reached XP level 4. HP: 33/40 MP: 3/3
  1660 | D:3      | Noticed Ijyb
  1663 | D:3      | Killed Ijyb
  1663 | D:3      | Reached skill level 4 in Axes
  1694 | D:3      | Found a runed translucent door.
  1697 | D:3      | Noticed lysyklops's ghost (amateur MiFi)
  1720 | D:2      | Found a sacrificial altar of Ru.
  1831 | D:3      | Found a glowing golden altar of the Shining One.
  1866 | D:3      | Reached XP level 5. HP: 42/46 MP: 4/4
  2487 | D:4      | Reached skill level 5 in Axes
  2487 | D:4      | Reached skill level 5 in Armour
  2570 | D:4      | Reached skill level 1 in Dodging
  2579 | D:4      | Reached XP level 6. HP: 35/53 MP: 5/5
  2793 | D:4      | Reached skill level 5 in Shields
  3050 | D:4      | Reached skill level 6 in Axes
  3089 | D:4      | Found a stormy altar of Qazlal.
  3460 | D:4      | Learned a level 3 spell: Gell's Gravitas
  3489 | D:5      | Entered Level 5 of the Dungeon
  3571 | D:5      | Reached XP level 7. HP: 50/60 MP: 6/6
  3838 | D:5      | Noticed Edmund
  3856 | D:5      | Killed Edmund
  4179 | D:5      | Noticed Menkaure
  4187 | D:5      | Killed Menkaure
  4187 | D:5      | Reached skill level 7 in Axes
  4304 | D:5      | Reached skill level 5 in Fighting
  4304 | D:5      | Reached skill level 1 in Spellcasting
  4304 | D:5      | Reached skill level 1 in Translocations
  4809 | D:3      | Killed lysyklops's ghost
  5055 | D:6      | Reached XP level 8. HP: 67/68 MP: 8/8
  6457 | D:6      | Reached skill level 8 in Axes
  6470 | D:6      | Noticed Duvessa
  6470 | D:6      | Noticed Dowan
  6480 | D:6      | Killed Duvessa
  6638 | D:6      | Killed Dowan
  6638 | D:6      | Reached XP level 9. HP: 48/74 MP: 11/11
  6653 | D:6      | Found a hide-covered altar of Uskayaw.
  7428 | D:7      | Found a staircase to the Ecumenical Temple.
  7463 | D:7      | Got a pair of distressingly furry gloves
  7466 | D:7      | Identified the +5 pair of gloves "Ziurog" {rF+} (You found
                  | it on level 7 of the Dungeon)
  7554 | D:7      | Found a runed translucent door.
  7555 | D:7      | Noticed Crazy Yiuf
  7648 | D:7      | Found a bloodstained altar of Trog.
  7771 | D:7      | Killed Crazy Yiuf
  7871 | D:7      | Noticed Prince Ribbit
  7956 | D:6      | Killed Prince Ribbit
  7956 | D:6      | Reached skill level 9 in Axes
  8257 | D:7      | Found a bloodstained altar of Trog.
  8458 | D:8      | Found a shattered altar of Ashenzari.
  8459 | D:8      | Noticed a two-headed ogre
  8788 | D:8      | Killed a two-headed ogre
  8788 | D:8      | Reached skill level 10 in Axes
  8788 | D:8      | Reached XP level 10. HP: 84/84 MP: 13/13
  9017 | D:8      | Noticed a two-headed ogre
  9030 | D:8      | Killed a two-headed ogre
  9765 | D:9      | Reached skill level 11 in Axes
  9816 | D:9      | Found a staircase to the Lair.
 10422 | D:9      | Found a snail-covered altar of Cheibriados.
 10772 | Lair:1   | Entered Level 1 of the Lair of Beasts
 10772 | Lair:1   | Noticed a spiny frog
 10790 | D:9      | Reached XP level 11. HP: 47/92 MP: 15/15
 10972 | Lair:1   | Reached skill level 12 in Axes
 11564 | Lair:1   | Noticed a five-headed hydra
 11564 | Lair:1   | Noticed a seven-headed hydra
 11653 | D:8      | Found a hazy altar of Hepliaklqana.
 11653 | D:8      | Found a blossoming altar of Fedhas.
 11653 | D:8      | Found a glowing silver altar of Zin.
 11926 | D:9      | Killed a six-headed hydra
 12089 | D:9      | Killed an eight-headed hydra
 12089 | D:9      | Reached skill level 1 in Stealth
 12433 | Lair:1   | Reached skill level 1 in Evocations
 12465 | Lair:1   | Reached skill level 5 in Translocations
 12587 | Lair:1   | Noticed an ice dragon
 12852 | Lair:2   | Noticed a seven-headed hydra
 12883 | Lair:2   | Killed a seven-headed hydra
 12883 | Lair:2   | Reached skill level 1 in Polearms
 13240 | Lair:3   | Noticed a four-headed hydra
 13251 | Lair:3   | Found a staircase to the Shoals.
 13270 | Lair:3   | Killed a four-headed hydra
 13678 | Lair:3   | Reached XP level 12. HP: 103/103 MP: 18/18
 13773 | Lair:3   | Noticed Nergalle
 13789 | Lair:3   | Killed Nergalle
 13789 | Lair:3   | Reached skill level 5 in Spellcasting
 13915 | Lair:3   | Reached skill level 13 in Axes
 14772 | Lair:2   | You fall through a shaft!
 14896 | Lair:2   | Noticed a four-headed hydra
 14902 | Lair:2   | Killed a four-headed hydra
 14902 | Lair:2   | Reached skill level 10 in Armour
 15504 | Lair:4   | Found a hole to the Spider Nest.
 16743 | Lair:5   | Noticed Rupert
 16769 | Lair:5   | Reached skill level 14 in Axes
 16772 | Lair:5   | Noticed a seven-headed hydra
 16816 | Lair:5   | Reached skill level 10 in Shields
 16966 | Lair:5   | Killed a seven-headed hydra
 17099 | Lair:5   | Noticed a catoblepas
 17104 | Lair:5   | Found a frozen archway.
 17169 | IceCv    | Entered an ice cave
 17176 | IceCv    | Slain by a wolf spider simulacrum

Skill      XL: |  1  2  3  4  5  6  7  8  9 10 11 12 |
---------------+-------------------------------------+-----
Armour         | 4 5 6 7 8 9 10 | 10.4
Fighting       | 4 5 6 7 8 9 |  9.5
Axes           | 3 4 5 6 7 8 10 11 12 14 | 14.2
Shields        | 4 5 6 7 8 9 10 | 10.2
Dodging        | 1 2 |  2.8
Spellcasting   | 1 2 3 4 5 |  5.7
Translocations | 1 2 3 4 5 6 |  6.2
Stealth        | 1 |  1.0
Evocations     | 1 |  1.8
Polearms       | 1 2 |  2.9

Action                   |  1- 3 |  4- 6 |  7- 9 | 10-12 || total
-------------------------+-------+-------+-------+-------++-------
Melee: War axe           |   117 |   136 |   331 |   601 ||  1185
       Headbutt          |     6 |    23 |    63 |   128 ||   220
       Trident           |       |       |       |    38 ||    38
Evoke: Wand              |       |       |     4 |    30 ||    34
       Lightning rod     |       |       |       |     4 ||     4
  Use: Scroll            |       |       |     8 |     9 ||    17
       Potion            |       |       |       |     1 ||     1
  Eat: Chunk             |     2 |     5 |     3 |     9 ||    19
       Ration            |       |       |     6 |     8 ||    14
Armor: Scale mail        |    51 |    56 |    29 |       ||   136
       Plate armour      |       |       |   126 |   427 ||   553
Dodge: Dodged            |    40 |    27 |    77 |   155 ||   299
Block: Shield            |    61 |    77 |   199 |   359 ||   696
